AoeStats
← Inf3ctedPenguin

Nomad

509970972Analyzed
3v3 RM · 4d ago on Sep 28, 2026· 65m 16s· 6 players
Game mode
Random Map
Map size
210×210
Population
200
Speed
Normal
Resources
Standard
Victory
Conquest
Starting age
Dark Age
Ending age
Imperial Age
RankedLock teamsTeams togetherTeam positionsShared explorationLock speedFull tech treeHidden civsTurbo modeCheats
Victory
Defeat
🇨🇳 Gurjaras · China
1329
+17
🇺🇸 Vietnamese · United States
1249
+20
🇨🇳 Mongols · China
1247
+21
🇩🇪 Britons · Germany
1413
-21
🇺🇸 Vietnamese · United States
1354
-20
🇺🇸 Persians · United States
1282
-17
pickmyself or end
5:50 Loom
16:51 Feudal Age
17:48 Town Watch
21:41 Castle Age
19:59 Fishing Lines
20:28 Double-Bit Axe
22:50 Wheelbarrow
22:50 Fletching
25:51 Bow Saw
27:23 Horse Collar
28:33 Bodkin Arrow
30:47 Padded Archer Armor
31:20 Hand Cart
33:08 Stone Mining
33:12 Gold Mining
36:01 Ballistics
38:30 Gold Shaft Mining
38:51 Heavy Plow
43:09 Imperial Age
41:22 Stone Shaft Mining
41:20 Fervor
42:26 Thumb Ring
42:32 Bloodlines
42:23 Husbandry
42:48 Leather Archer Armor
42:43 Forging
42:39 Scale Barding Armor
44:17 Conscription
44:02 Bracer
44:08 Scale Barding Armor
43:25 Capped Ram
45:17 Chemistry
45:40 Parthian Tactics
46:30 Elite Mangudai
46:49 Light Cavalry
49:23 Chain Barding Armor
49:40 Iron Casting
51:12 Hussar
54:06 Drill
55:24 Siege Engineers
55:29 Masonry
57:29 Blast Furnace
61:12 Siege Ram
62:31 Fortified Wall
62:18 Murder Holes
62:56 Coinage
65:01 Fortified Wall
66:02 Banking
skeletor
10:02 Loom
13:16 Feudal Age
17:49 Castle Age
17:14 Double-Bit Axe
18:40 Bow Saw
19:01 Horse Collar
22:31 Scale Barding Armor
22:54 Fletching
23:21 Padded Archer Armor
23:06 Crossbowman
23:59 Bodkin Arrow
27:55 Leather Archer Armor
38:11 Elite Skirmisher
51:11 Wheelbarrow
52:14 Hand Cart
55:42 Imperial Age
54:13 Treadmill Crane
55:09 Ballistics
56:27 Bracer
56:57 Ring Archer Armor
57:24 Ring Archer Armor
56:56 Imperial Skirmisher
59:24 Chemistry
59:20 Thumb Ring
59:58 Scale Barding Armor
60:04 Forging
61:22 Chain Barding Armor
62:21 Iron Casting
62:00 Bloodlines
61:50 Husbandry
63:14 Plate Barding Armor
63:23 Elite Battle Elephant
小明
5:38 Loom
14:07 Feudal Age
15:03 Town Watch
18:50 Castle Age
18:38 Fletching
20:59 Bodkin Arrow
46:20 Forging
46:16 Scale Barding Armor
47:22 Bloodlines
49:45 Iron Casting
49:32 Husbandry
GracefulPickle
5:11 Loom
17:44 Feudal Age
21:59 Castle Age
20:24 Fletching
20:36 Padded Archer Armor
39:19 Double-Bit Axe
40:08 Bow Saw
43:36 Imperial Age
45:11 Elite Rattan Archer
46:04 Horse Collar
46:35 Bodkin Arrow
46:42 Scale Mail Armor
48:17 Chemistry
50:00 Paper Money
50:16 Hoardings
51:59 Squires
53:50 Squires
53:10 Pikeman
54:56 Wheelbarrow
54:06 Town Watch
55:15 Ballistics
57:18 Leather Archer Armor
59:16 Hand Cart
59:01 Town Patrol
60:09 Two-Man Saw
59:14 Heavy Plow
60:21 Crossbowman
61:29 Town Patrol
63:00 Elite Fire Lancer
65:32 Chain Mail Armor
65:17 Bracer
65:48 Ring Archer Armor
65:29 Arson
LiquidGoat
2:59 Loom
13:00 Feudal Age
18:26 Castle Age
17:05 Double-Bit Axe
18:54 Scale Barding Armor
20:04 Husbandry
21:07 Bow Saw
21:29 Bloodlines
26:58 Forging
30:26 Wheelbarrow
38:13 Gold Mining
43:23 Chain Barding Armor
46:36 Gold Shaft Mining
48:16 Iron Casting
50:29 Town Watch
52:04 Town Patrol
53:05 Stone Mining
57:52 Imperial Age
58:42 Heavy Camel Rider
60:58 Fletching
61:08 Padded Archer Armor
60:52 Elite Skirmisher
61:19 Horse Collar
61:57 Imperial Skirmisher
62:57 Leather Archer Armor
62:38 Bodkin Arrow
64:15 Ring Archer Armor
Inf3ctedPenguin
14:10 Feudal Age
15:09 Double-Bit Axe
15:34 Stone Mining
15:35 Gold Mining
18:05 Castle Age
16:26 Fletching
16:36 Padded Archer Armor
19:19 Bodkin Arrow
20:57 Loom
24:03 Ballistics
33:11 Leather Archer Armor
34:20 Bow Saw
33:51 Horse Collar
34:47 Gold Shaft Mining
37:33 Imperial Age
35:50 Yeomen
36:37 Wheelbarrow
35:47 Town Watch
36:06 Heavy Plow
38:09 Coinage
38:41 Conscription
38:27 Bracer
37:54 Capped Ram
40:37 Hand Cart
41:34 Chemistry
43:26 Two-Man Saw
44:03 Coinage
43:34 Caravan
43:23 Onager
43:38 Pikeman
44:19 Squires
44:40 Forging
44:31 Scale Mail Armor
46:41 Elite Longbowman
47:46 Masonry
48:53 Halberdier
52:03 Banking
53:12 Crossbowman
53:55 Elite Skirmisher
55:11 Ring Archer Armor
57:14 Warwolf
58:03 Architecture
61:55 Iron Casting
61:36 Chain Mail Armor
Connection lost

Rejoining the realm…

Still unreachable

The connection could not be restored.

Session expired

The server has moved on; the page needs a fresh start.